AoeStats
← 17_Neo_

Arabia

504890273Analyzed
1v1 RM · 26d ago on Sep 6, 2026· 44m 35s· 2 players
Game mode
Random Map
Map size
Tiny (2 player)
Population
200
Speed
Normal
Resources
Standard
Victory
Conquest
Starting age
Dark Age
Ending age
Imperial Age
RankedLock teamsTeams togetherTeam positionsShared explorationLock speedFull tech treeHidden civsTurbo modeCheats
Victory
Defeat
🇨🇴 Maya · Colombia
1709
+13
🇧🇷 Cumans · Brazil
1643
-13
17_Neo_
0:27 Loom
11:42 Feudal Age
12:21 Double-Bit Axe
12:17 Horse Collar
13:12 Fletching
13:22 Padded Archer Armor
13:39 Scale Mail Armor
18:33 Wheelbarrow
21:45 Castle Age
19:50 Town Watch
21:31 Gold Mining
22:26 Bodkin Arrow
22:02 Crossbowman
22:56 Thumb Ring
24:11 Ballistics
29:43 Hand Cart
29:29 Heavy Plow
35:05 Bow Saw
38:11 Imperial Age
35:30 Elite Skirmisher
36:54 Leather Archer Armor
38:56 Bracer
39:57 Chemistry
40:52 Ring Archer Armor
39:57 Arbalester
40:23 Capped Ram
41:36 Siege Ram
43:24 Hul'che Javelineers
Jahhed
7:04 Loom
9:20 Feudal Age
9:25 Man-at-Arms
11:17 Double-Bit Axe
14:09 Fletching
16:12 Horse Collar
18:03 Wheelbarrow
23:01 Castle Age
22:04 Gold Mining
23:22 Town Watch
23:08 Crossbowman
23:48 Bodkin Arrow
24:38 Elite Skirmisher
29:41 Ballistics
29:41 Hand Cart
35:57 Bow Saw
41:21 Imperial Age
39:59 Thumb Ring
40:45 Gold Shaft Mining
40:01 Stone Mining
42:01 Padded Archer Armor
42:30 Parthian Tactics
43:14 Chemistry
42:45 Conscription
45:00 Two-Man Saw
44:34 Leather Archer Armor
Connection lost

Rejoining the realm…

Still unreachable

The connection could not be restored.

Session expired

The server has moved on; the page needs a fresh start.